 Dungeon Crawl Stone Soup version 0.20-a0-493-g19c8d8d (webtiles) character file.

49 Kaletam the Vexing (level 3, -7/18 HPs)
             Began as a Spriggan Arcane Marksman on Jan 17, 2017.
             Killed from afar by an orc wizard (9 damage)
             ... with a magic dart
             ... on level 3 of the Dungeon.
             The game lasted 00:05:48 (1505 turns).

Kaletam the Vexing (Spriggan Arcane Marksman)       Turns: 1505, Time: 00:05:48

Health: -7/18      AC:  2    Str: 11    XL:     3   Next: 53%
Magic:  5/6        EV: 19    Int: 14    God:
Gold:   133        SH:  0    Dex: 17    Spells: 2/5 levels left

rFire    . . .     SeeInvis +   a - +0 hunting sling
rCold    . . .     Gourm    .   e - +0 robe
rNeg     . . .     Faith    .   (shield restricted)
rPois    .         Spirit   .   (helmet restricted)
rElec    .         Reflect  .   (no cloak)
rCorr    .         Harm     .   (gloves unavailable)
MR       .....                  (boots unavailable)
Stlth    ++........             (no amulet)
Regen    0.1/turn               (no ring)
                                (no ring)

@: mighty, very quick
A: unfitting armour, see invisible, herbivore 3, speed 3, slow metabolism 2
a: no special abilities


You were on level 3 of the Dungeon.
You were not hungry.

You visited 1 branch of the dungeon, and saw 3 of its levels.

You collected 133 gold pieces.

Inventory:

Hand Weapons
 a - a +0 hunting sling (weapon)
 m - a +0 hunting sling
 n - a +0 dagger
 o - a +0 dagger
 u - a +0 hunting sling
Missiles
 b - 71 stones
 d - 12 sling bullets (quivered)
Armour
 e - a +0 robe (worn)
Jewellery
 j - an uncursed ring of protection from cold {unknown}
Wands
 q - a wand of random effects (3/48)
Scrolls
 i - 3 scrolls of identify {unknown}
 k - 2 scrolls of enchant armour {unknown}
 p - a scroll of fear {unknown}
 s - a scroll of teleportation {unknown}
 t - a scroll of amnesia {unknown}
Potions
 g - 2 potions of curing {unknown}
 l - a potion of resistance {unknown}
 r - a potion of degeneration {unknown}
Books
 c - a book of Debilitation

   Spells                             Type                      Level
   a - Corona                         Hexes                        1
   b - Slow                           Hexes                        2
   c - Gell's Gravitas                Hexes/Translocation          3
   d - Inner Flame                    Hexes/Fire                   3
   e - Cause Fear                     Hexes                        4
   f - Leda's Liquefaction            Hexes/Earth                  4
Comestibles
 f - 2 bread rations {@e1}


   Skills:
 + Level 1.0 Fighting
 + Level 3.3 Slings
 + Level 3.5 Dodging
 + Level 0.4 Stealth
 + Level 1.9 Spellcasting
 + Level 4.3 Hexes


You had 2 spell levels left.
You knew the following spells:

 Your Spells              Type           Power        Failure   Level  Hunger
a - Corona                Hex            ##.....      4%          1    ##.....
b - Slow                  Hex            ##......     10%         2    ###....


Dungeon Overview and Level Annotations

Branches:
Dungeon (3/15)

Altars:


Innate Abilities, Weirdness & Mutations

You are very small and have problems with some larger weapons.
You are too small for most types of armour.
You have supernaturally acute eyesight. (SInv)
You are a herbivore.
You cover ground extremely quickly.
You need consume almost no food.


Message History

Ouch! That really hurt!
A goblin comes into view.
You are too injured to fight recklessly!
Aim: an orc wizard, wielding a dagger and wearing a robe (moderately wounded, fast, chance to defeat MR: 50%)
The orc wizard resists with significant effort.
You are too injured to fight recklessly!
Aim: an orc wizard, wielding a dagger and wearing a robe (moderately wounded, fast)
You shoot a sling bullet.
The sling bullet barely misses the orc wizard.
The orc wizard casts a spell at you. The magic dart hits you!
* * * LOW HITPOINT WARNING * * *
It was a potion of might.
You feel very mighty all of a sudden. The orc wizard barely misses you.
There are no items here.
The orc wizard casts a spell at you. The magic dart hits you!
Ouch! That really hurt!
You die...

.........#####.#
#.#.†.......#
#...#.######
##.##.#
#.#.#.#####
..###..<...# #.#
#(#o###.# #.
#o##.# # #o #@#
#. #.# #o #.# o.
..# g. ### ##


You could see an orc wizard.

Vanquished Creatures
  An adder (D:2)
  3 dart slugs
  2 goblins
  2 hobgoblins (D:2)
  2 jackals (D:1)
  4 kobolds
  14 bats
  2 frilled lizards
  5 rats
35 creatures vanquished.

Vanquished Creatures (others)
  A frilled lizard (D:1)
1 creature vanquished.

Grand Total: 36 creatures vanquished

Notes
Turn   | Place    | Note
-------+----------+-------------------------------------------
     0 | D:1      | Kaletam the Spriggan Arcane Marksman began the quest for the Orb.
     0 | D:1      | Reached XP level 1. HP: 9/9 MP: 3/3
   374 | D:1      | Reached skill level 1 in Fighting
   374 | D:1      | Reached XP level 2. HP: 14/14 MP: 5/5
   443 | D:1      | Reached skill level 4 in Hexes
   855 | D:2      | Learned a level 2 spell: Slow
  1095 | D:2      | Reached XP level 3. HP: 18/18 MP: 6/6
  1505 | D:3      | Killed from afar by an orc wizard

Vault maps used:
D:1:      elethiomel_arrival_shortcut, lemuel_old_faithful
D:2:      due_unseen_surprise
D:3:      lemuel_coloured_pillars_altar, uniq_crazy_yiuf_cottage

Skill      XL: |  1  2  3 |
---------------+----------+-----
Fighting       | 1 |  1.0
Hexes          | 4 |  4.3
Slings         | 3 |  3.3
Dodging        | |  3.5
Stealth        | |  0.4
Spellcasting   | |  1.9

Action                   || total
-------------------------++-------
 Fire: Hunting sling     ||   101
 Cast: Corona            ||    14
       Slow              ||     3
  Use: Potion            ||     1
Armor: Robe              ||     8
Dodge: Dodged            ||    33
